2268 views
Uploaded 2022-05-02 22:16:21
Game version 1.32.10
13:18 long 1on1on1on1 ladder game on (4)FountainOfManipulation
Saved by ǢƂŎ
2268 views
Uploaded 2022-05-02 22:16:21
Game version 1.32.10
13:18 long 1on1on1on1 ladder game on (4)FountainOfManipulation

17 units @ 3.2k
/ 0.6k
12 buildings @ 1.9k
/ 0.8k


| Orb of Corruption | 1 | 375 |
| Potion of Lesser Invulnerability | 1 | 150 |
| total: | 2 | 525g |
| Acolyte | 3 | 225 | / | 0 |
| Ghoul | 3 | 360 | / | 0 |
| Crypt Fiend | 5 | 1075 | / | 200 |
| Obsidian Statue | 4 | 800 | / | 140 |
| Frost Wyrm | 2 | 770 | / | 240 |
| total: | 17 | 3230g | / | 580w |
| Nerubian Tower | 1 | 100 | / | 20 |
| Crypt | 1 | 200 | / | 50 |
| Graveyard | 1 | 215 | / | 0 |
| Altar of Darkness | 1 | 180 | / | 50 |
| Ziggurat | 6 | 900 | / | 300 |
| Tomb of Relics | 1 | 130 | / | 30 |
| Slaughterhouse | 1 | 140 | / | 135 |
| Boneyard | 1 | 175 | / | 200 |
| Halls of the Dead | 1 | 320 | / | 210 |
| Black Citadel | 1 | 325 | / | 230 |
| total: | 12 | 1940g | / | 765w |
| 0:03 | Acolyte |
| 0:05 | Crypt |
| 0:07 | Graveyard |
| 0:20 | Acolyte |
| 0:43 | Altar of Darkness |
| 0:57 | Ziggurat |
| 1:11 | Ghoul |
| 1:15 | Acolyte |
| 1:32 | Ziggurat |
| 1:51 | Ghoul |
| 2:05 | Ghoul |
| 2:27 | Halls of the Dead |
| 2:47 | Carrion Beetles |
| 2:48 | Crypt Fiend |
| 3:11 | Crypt Fiend |
| 3:26 | Ziggurat |
| 3:49 | Crypt Fiend |
| 4:37 | Impale |
| 4:52 | Black Citadel |
| 4:52 | Burrow |
| 5:21 | Tomb of Relics |
| 5:42 | Slaughterhouse |
| 5:44 | Ziggurat |
| 6:01 | Death Coil |
| 6:15 | Ziggurat |
| 6:16 | Nerubian Tower |
| 6:34 | Creature Attack |
| 6:52 | Obsidian Statue |
| 6:58 | Carrion Beetles |
| 7:16 | Boneyard |
| 7:21 | Obsidian Statue |
| 7:54 | Destroyer Form |
| 7:54 | Obsidian Statue |
| 8:00 | Unholy Aura |
| 8:24 | Crypt Fiend |
| 9:03 | Frost Wyrm |
| 10:02 | Obsidian Statue |
| 10:03 | Crypt Fiend |
| 10:28 | Potion of Lesser Invulnerability |
| 10:32 | Orb of Corruption |
| 10:43 | Death Coil |
| 10:53 | Ziggurat |
| 12:14 | Frost Wyrm |
| Select group | 591 |
| Chat | 508 |
| Right click | 456 |
| Select | 181 |
| Misc. action | 91 |
| Build/train/purchase | 47 |
| Assign group | 40 |
| Use ability | 33 |
| Item give/drop | 2 |
35 units @ 4.6k
/ 0.4k
23 buildings @ 2.3k
/ 1k


| Scroll of Regeneration | 1 | 100 |
| Boots of Speed | 1 | 250 |
| total: | 2 | 350g |
| Peasant | 13 | 975 | / | 0 |
| Footman | 3 | 405 | / | 0 |
| Rifleman | 9 | 1845 | / | 270 |
| Priest | 7 | 945 | / | 70 |
| Sorceress | 3 | 465 | / | 60 |
| total: | 35 | 4635g | / | 400w |
| Scout Tower | 7 | 210 | / | 140 |
| Arcane Tower | 1 | 70 | / | 50 |
| Guard Tower | 6 | 420 | / | 300 |
| Altar of Kings | 1 | 180 | / | 50 |
| Barracks | 1 | 160 | / | 60 |
| Farm | 8 | 640 | / | 160 |
| Lumber Mill | 1 | 120 | / | 0 |
| Arcane Vault | 1 | 130 | / | 30 |
| Blacksmith | 1 | 140 | / | 60 |
| Town Hall | 1 | 385 | / | 205 |
| Arcane Sanctum | 2 | 300 | / | 280 |
| Keep | 2 | 640 | / | 420 |
| Castle | 1 | 360 | / | 210 |
| total: | 23 | 2265g | / | 985w |
| 0:05 | Peasant |
| 0:05 | Peasant |
| 0:05 | Peasant |
| 0:24 | Altar of Kings |
| 0:29 | Barracks |
| 0:34 | Farm |
| 0:39 | Farm |
| 0:54 | Peasant |
| 0:54 | Peasant |
| 1:03 | Peasant |
| 1:20 | Farm |
| 1:36 | Lumber Mill |
| 1:40 | Footman |
| 1:40 | Footman |
| 2:02 | Arcane Vault |
| 2:12 | Footman |
| 2:20 | Scout Tower |
| 2:28 | Summon Water Elemental |
| 2:45 | Peasant |
| 2:45 | Peasant |
| 3:06 | Arcane Tower |
| 3:09 | Farm |
| 3:32 | Keep |
| 3:41 | Brilliance Aura |
| 3:52 | Scout Tower |
| 4:03 | Farm |
| 4:08 | Scroll of Regeneration |
| 4:32 | Blacksmith |
| 4:49 | Guard Tower |
| 4:51 | Farm |
| 5:55 | Scout Tower |
| 5:58 | Scout Tower |
| 6:02 | Rifleman |
| 6:24 | Scout Tower |
| 6:27 | Guard Tower |
| 6:34 | Town Hall |
| 6:38 | Guard Tower |
| 6:45 | Improved Lumber Harvesting |
| 7:01 | Arcane Sanctum |
| 7:14 | Scout Tower |
| 7:29 | Peasant |
| 7:30 | Peasant |
| 7:38 | Guard Tower |
| 7:49 | Scout Tower |
| 8:03 | Holy Light |
| 8:07 | Advanced Lumber Harvesting |
| 8:12 | Priest |
| 8:12 | Priest |
| 8:26 | Rifleman |
| 8:50 | Rifleman |
| 8:55 | Boots of Speed |
| 9:05 | Summon Water Elemental |
| 9:12 | Rifleman |
| 9:15 | Peasant |
| 9:15 | Peasant |
| 9:17 | Guard Tower |
| 9:18 | Guard Tower |
| 9:48 | Sorceress |
| 9:50 | Priest Adept Training |
| 9:55 | Castle |
| 10:49 | Rifleman |
| 10:49 | Rifleman |
| 10:50 | Rifleman |
| 11:14 | Priest |
| 11:14 | Priest |
| 11:39 | Sorceress |
| 11:39 | Priest |
| 11:42 | Rifleman |
| 11:42 | Rifleman |
| 12:19 | Arcane Sanctum |
| 12:22 | Peasant |
| 12:29 | Priest |
| 12:30 | Priest |
| 12:42 | Farm |
| 12:47 | Farm |
| 12:50 | Improved Masonry |
| 13:11 | Long Rifles |
| 13:16 | Sorceress Adept Training |
| 13:17 | Sorceress |
| Right click | 209 |
| Select | 166 |
| Select group | 140 |
| Build/train/purchase | 82 |
| Misc. action | 42 |
| Assign group | 33 |
| Chat | 9 |
| Use ability | 3 |
| Remove unit | 3 |
| Item give/drop | 1 |
29 units @ 3.3k
/ 0.4k
12 buildings @ 2.4k
/ 1k



| Healing Salve | 3 | 300 |
| Scroll of Speed | 1 | 50 |
| Lesser Clarity Potion | 1 | 70 |
| Orb of Lightning | 2 | 750 |
| Potion of Healing | 1 | 150 |
| total: | 8 | 1320g |
| Peon | 15 | 1125 | / | 0 |
| Troll Headhunter | 10 | 1400 | / | 200 |
| Shaman | 1 | 130 | / | 20 |
| Troll Berserker | 2 | 280 | / | 40 |
| Goblin Shredder | 1 | 375 | / | 100 |
| total: | 29 | 3310g | / | 360w |
| Orc Burrow | 4 | 640 | / | 160 |
| Altar of Storms | 1 | 180 | / | 50 |
| War Mill | 1 | 205 | / | 0 |
| Barracks | 1 | 180 | / | 50 |
| Voodoo Lounge | 1 | 130 | / | 30 |
| Great Hall | 2 | 770 | / | 370 |
| Spirit Lodge | 2 | 300 | / | 300 |
| Stronghold | 2 | 630 | / | 380 |
| Fortress | 2 | 650 | / | 380 |
| total: | 12 | 2405g | / | 960w |
| 0:01 | Peon |
| 0:01 | Peon |
| 0:01 | Peon |
| 0:17 | Orc Burrow |
| 0:32 | Altar of Storms |
| 0:36 | Peon |
| 0:47 | War Mill |
| 0:58 | Peon |
| 1:04 | Barracks |
| 1:12 | Peon |
| 1:20 | Peon |
| 1:32 | Peon |
| 1:39 | Orc Burrow |
| 1:54 | Peon |
| 2:05 | Troll Headhunter |
| 2:18 | Voodoo Lounge |
| 2:24 | Troll Headhunter |
| 2:34 | Mirror Image |
| 2:41 | Troll Headhunter |
| 3:18 | Troll Headhunter |
| 3:25 | Stronghold |
| 3:35 | Troll Headhunter |
| 4:05 | Great Hall |
| 4:16 | Critical Strike |
| 4:30 | Orc Burrow |
| 4:31 | Troll Headhunter |
| 4:33 | Healing Salve |
| 4:47 | Troll Headhunter |
| 5:24 | Goblin Shredder |
| 5:35 | Mirror Image |
| 6:32 | Healing Salve |
| 6:34 | Healing Salve |
| 6:43 | Fortress |
| 6:46 | Troll Regeneration |
| 7:17 | Scroll of Speed |
| 7:17 | Lesser Clarity Potion |
| 7:33 | Hex |
| 7:36 | Troll Headhunter |
| 7:51 | Troll Headhunter |
| 8:03 | Troll Headhunter |
| 8:38 | Great Hall |
| 9:03 | Orc Burrow |
| 9:49 | Orb of Lightning |
| 9:49 | Orb of Lightning |
| 10:15 | Berserker Upgrade |
| 10:17 | Steel Ranged Weapons |
| 10:18 | Spirit Lodge |
| 10:21 | War Stomp |
| 11:26 | Peon |
| 11:26 | Peon |
| 11:26 | Peon |
| 11:27 | Peon |
| 11:52 | Steel Armor |
| 11:52 | Thorium Ranged Weapons |
| 11:53 | Shaman |
| 11:54 | Shaman Adept Training |
| 11:54 | Spirit Lodge |
| 12:06 | Troll Berserker |
| 12:08 | Critical Strike |
| 12:14 | Peon |
| 12:14 | Peon |
| 12:25 | Troll Berserker |
| 12:41 | Potion of Healing |
| 12:54 | Healing Wave |
| Chat | 1119 |
| Right click | 843 |
| Select group | 386 |
| Select | 228 |
| Misc. action | 84 |
| Build/train/purchase | 78 |
| Assign group | 31 |
| Use ability | 15 |
| Esc | 4 |
| Item give/drop | 1 |
25 units @ 4.8k
/ 0.9k
14 buildings @ 2.3k
/ 1.2k



| Rod of Necromancy | 2 | 300 |
| Sacrificial Skull | 1 | 50 |
| Orb of Corruption | 1 | 375 |
| Potion of Mana | 2 | 400 |
| Potion of Healing | 2 | 300 |
| Scroll of Town Portal | 2 | 700 |
| Dust of Appearance | 1 | 75 |
| Scroll of Healing | 2 | 500 |
| total: | 13 | 2700g |
| Acolyte | 9 | 675 | / | 0 |
| Ghoul | 3 | 360 | / | 0 |
| Crypt Fiend | 5 | 1075 | / | 200 |
| Obsidian Statue | 2 | 400 | / | 70 |
| Goblin Shredder | 6 | 2250 | / | 600 |
| total: | 25 | 4760g | / | 870w |
| Graveyard | 1 | 215 | / | 0 |
| Crypt | 1 | 200 | / | 50 |
| Altar of Darkness | 1 | 180 | / | 50 |
| Ziggurat | 6 | 900 | / | 300 |
| Tomb of Relics | 1 | 130 | / | 30 |
| Slaughterhouse | 1 | 140 | / | 135 |
| Boneyard | 3 | 525 | / | 600 |
| Halls of the Dead | 2 | 640 | / | 420 |
| Black Citadel | 1 | 325 | / | 230 |
| total: | 14 | 2290g | / | 1165w |
| 0:06 | Acolyte |
| 0:06 | Acolyte |
| 0:23 | Graveyard |
| 0:26 | Crypt |
| 0:45 | Altar of Darkness |
| 1:00 | Ziggurat |
| 1:23 | Tomb of Relics |
| 1:27 | Ghoul |
| 1:45 | Ghoul |
| 1:59 | Ziggurat |
| 2:13 | Ghoul |
| 2:15 | Crypt Fiend |
| 2:35 | Crypt Fiend |
| 2:55 | Rod of Necromancy |
| 3:00 | Death Coil |
| 3:06 | Ziggurat |
| 3:26 | Crypt Fiend |
| 3:45 | Acolyte |
| 3:45 | Acolyte |
| 3:47 | Acolyte |
| 3:58 | Acolyte |
| 4:04 | Crypt Fiend |
| 4:14 | Unholy Aura |
| 4:18 | Acolyte |
| 4:18 | Acolyte |
| 4:58 | Acolyte |
| 5:14 | Halls of the Dead |
| 5:17 | Death Coil |
| 5:37 | Crypt Fiend |
| 6:10 | Goblin Shredder |
| 6:10 | Goblin Shredder |
| 6:10 | Goblin Shredder |
| 6:10 | Goblin Shredder |
| 6:10 | Goblin Shredder |
| 6:22 | Ziggurat |
| 6:36 | Ziggurat |
| 6:36 | Ziggurat |
| 7:41 | Unholy Aura |
| 7:43 | Black Citadel |
| 7:45 | Web |
| 8:13 | Goblin Shredder |
| 8:38 | Slaughterhouse |
| 8:45 | Rod of Necromancy |
| 8:46 | Sacrificial Skull |
| 8:48 | Scroll of Town Portal |
| 8:49 | Dust of Appearance |
| 9:03 | Frost Nova |
| 9:54 | Obsidian Statue |
| 10:03 | Dark Ritual |
| 11:02 | Death Coil |
| 11:09 | Frost Nova |
| 11:37 | Obsidian Statue |
| 11:42 | Orb of Corruption |
| 11:42 | Scroll of Healing |
| 11:44 | Scroll of Healing |
| 11:49 | Potion of Mana |
| 11:51 | Potion of Healing |
| 11:51 | Potion of Mana |
| 11:52 | Scroll of Town Portal |
| 11:57 | Potion of Healing |
| 12:01 | Burrow |
| 12:13 | Howl of Terror |
| 12:21 | Creature Attack |
| 12:21 | Creature Carapace |
| 12:23 | Destroyer Form |
| 12:25 | Boneyard |
| 12:26 | Boneyard |
| 12:29 | Boneyard |
| Right click | 548 |
| Select | 253 |
| Select group | 190 |
| Build/train/purchase | 78 |
| Misc. action | 72 |
| Use ability | 29 |
| Assign group | 25 |
| Esc | 2 |
| Remove unit | 1 |
⇛